 Dungeon Crawl Stone Soup version 0.18.1-48-g4cf74bf (webtiles) character file.

418 atgrul the Geomancer (level 7, -15/46 HPs)
             Began as a Formicid Earth Elementalist on July 31, 2016.
             Was an Initiate of Vehumet.
             Demolished by Menkaure (24 damage)
             ... on level 5 of the Dungeon.
             The game lasted 00:28:46 (5967 turns).

atgrul the Geomancer (Formicid Earth Elementalist)  Turns: 5967, Time: 00:28:47

Health: -15/46     AC:  2    Str: 12    XL:     7   Next: 16%
Magic:  5/10       EV: 12    Int: 17    God:    Vehumet [......]
Gold:   253        SH:  0    Dex: 11    Spells: 2 memorised, 6 levels left

rFire  . . .     SeeInvis +     r - +9 hand axe of Ocodwoi {chop, Stlth+}
rCold  . . .     Gourm    .     a - +0 robe
rNeg   . . .     Faith    .     (no shield)
rPois  .         Spirit   .     (helmet unavailable)
rElec  .         Dismiss  .     (no cloak)
rCorr  .         Reflect  .     (no gloves)
SustAt .         Harm     .     (no boots)
MR     .....                    (no amulet)
Stlth  +++.......               (no ring)
                                (no ring)

@: not resistant to hostile enchantments, fairly stealthy
A: permanent stasis, dig shafts and tunnels, four strong arms, antennae 3
a: Dig, Shaft Self, Renounce Religion


You were on level 5 of the Dungeon.
You worshipped Vehumet.
Vehumet was noncommittal.
You were not hungry.

You visited 1 branch of the dungeon, and saw 5 of its levels.

You collected 253 gold pieces.

Inventory:

Hand Weapons
 h - a +0 short sword
 l - a +2 dagger of venom
 r - the +9 hand axe of Ocodwoi (weapon) {chop, Stlth+}
   (You found it on level 4 of the Dungeon)

   It inflicts extra damage upon your enemies.
   It makes you more stealthy.
Missiles
 b - 236 stones (quivered)
Armour
 a - a +0 robe (worn)
Jewellery
 m - a +4 amulet of reflection {unknown}
Scrolls
 e - 2 scrolls of fog
 i - 3 scrolls of teleportation
 q - a scroll of random uselessness {unknown}
 s - a scroll of blinking {unknown}
 t - a scroll of enchant weapon {unknown}
 u - 2 scrolls of enchant armour {unknown}
Potions
 f - 2 potions of curing
 g - 2 potions of flight
 k - a potion of cancellation
 p - a potion of mutation {unknown}
Books
 c - a book of Geomancy

   Spells                             Type                      Level
   a - Sandblast                      Earth                        1
   b - Passwall                       Transmutation/Earth          2
   c - Stone Arrow                    Conjuration/Earth            3
   d - Petrify                        Transmutation/Earth          4
   e - Lee's Rapid Deconstruction     Earth                        5
Comestibles
 d - 3 bread rations
 j - 2 beef jerkies
 n - a meat ration
 o - a slice of pizza


   Skills:
 - Level 0.2 Fighting
 - Level 0.2 Short Blades
 + Level 0.2 Axes
 - Level 1.0 Throwing
 - Level 1.7 Dodging
 - Level 2.4 Stealth
 - Level 2.1 Spellcasting
 * Level 1.5 Conjurations
   Level 1.1 Transmutations
 + Level 8.5 Earth Magic


You had 6 spell levels left.
You knew the following spells:

 Your Spells              Type           Power        Failure   Level  Hunger
a - Sandblast             Erth           ####..       1%          1    #......
b - Stone Arrow           Conj/Erth      ###...       10%         3    ###....


Dungeon Overview and Level Annotations

Branches:
Dungeon (5/15)
 Temple: D:4-7

Altars:
Cheibriados
Pakellas
Vehumet
Xom

Annotations:
D:4 Pikel; Robin; Siriah's ghost, novice DDAr
D:5 Menkaure


Innate Abilities, Weirdness & Mutations

You are under a permanent stasis effect.
You can dig through walls and to a lower floor.
Your four strong arms can wield two-handed weapons with a shield.
You have a pair of large antennae on your head (SInv).


Message History

Press: ? - help, v - describe, . - travel
Here: Menkaure (severely damaged, fast)
The floor.
Casting: Sandblast
Confirm with . or Enter, or press ? or * to list all spells.
Okay, then.
Unknown command.
Casting: Sandblast
Confirm with . or Enter, or press ? or * to list all spells.
Aiming: Sandblast
Press: ? - help, Shift-Dir - straight line, f/p - Menkaure
Aim: Menkaure (severely damaged, fast)
The blast of sand hits Menkaure.
Menkaure is severely damaged.
Menkaure hits you!
* * * LOW HITPOINT WARNING * * *
Menkaure barely misses you. Menkaure hits you!!
Ouch! That really hurt!
You die...

{ ..#.# ..... #####.#
..#.# #.....#......
#.#####...#.#
#.#.......... #.#.#.#
.# #.....#...... ≈§
###M#.#...... .§§
#######.@......# ..≈≈
#..............##.#?≈
#.#####............
#.#..............
#.#.#####....#.###
#.#.#####.......<#
#.#..............# .
#.#####..........#..
#.##................


You could see Menkaure.

Vanquished Creatures
  A giant frog (D:4)
  2 orc priests (D:4)
  2 orc wizards (D:3)
  2 worker ants (D:4)
  7 adders
  A shadow imp (D:5)
  2 worms
  3 dart slugs
  4 giant geckos
  9 orcs
  A ball python (D:4)
  7 bats
  7 giant cockroaches
  5 goblins
  7 hobgoblins
  10 jackals
  7 quokkas
  5 giant newts
  13 kobolds
  9 rats
104 creatures vanquished.

Notes
Turn   | Place    | Note
--------------------------------------------------------------
     0 | D:1      | atgrul the Formicid Earth Elementalist began the quest for the Orb.
     0 | D:1      | Reached XP level 1. HP: 13/13 MP: 3/3
   434 | D:1      | Reached skill level 4 in Earth Magic
   461 | D:1      | Reached XP level 2. HP: 16/19 MP: 1/5
   880 | D:1      | Reached XP level 3. HP: 24/24 MP: 2/6
  1024 | D:1      | Reached skill level 5 in Earth Magic
  1539 | D:2      | Reached XP level 4. HP: 12/30 MP: 4/7
  1967 | D:2      | Found a radiant altar of Vehumet.
  1989 | D:2      | Found an oddly glowing altar of Pakellas.
  2250 | D:2      | Found an oddly glowing altar of Pakellas.
  2644 | D:2      | Reached skill level 1 in Throwing
  2904 | D:3      | Reached skill level 6 in Earth Magic
  2907 | D:3      | Found a snail-covered altar of Cheibriados.
  2997 | D:3      | Reached XP level 5. HP: 35/35 MP: 5/8
  3815 | D:3      | Reached skill level 7 in Earth Magic
  4055 | D:3      | Reached XP level 6. HP: 20/41 MP: 6/9
  4255 | D:3      | Learned a level 3 spell: Stone Arrow
  4656 | D:2      | Became a worshipper of Vehumet
  4713 | D:4      | Got a scorched hand axe
  4738 | D:4      | Identified the +9 hand axe of Ocodwoi {chop, Stlth+} (You found it on level 4 of the Dungeon)
  4827 | D:4      | Noticed Robin
  4827 | D:4      | Noticed Siriah's ghost (novice DDAr)
  5296 | D:4      | Reached skill level 1 in Conjurations
  5296 | D:4      | Reached skill level 8 in Earth Magic
  5506 | D:4      | Noticed Pikel
  5506 | D:4      | Noticed a slave
  5507 | D:4      | Noticed a slave
  5507 | D:4      | Noticed a slave
  5510 | D:4      | Noticed a slave
  5646 | D:4      | Reached XP level 7. HP: 46/46 MP: 1/10
  5698 | D:4      | Found a shimmering altar of Xom.
  5883 | D:5      | Entered Level 5 of the Dungeon
  5957 | D:5      | Noticed Menkaure
  5967 | D:5      | Demolished by Menkaure

Skill      XL: |  1  2  3  4  5  6 |
---------------+-------------------+-----
Earth Magic    | 4 5 6 7 8 |  8.5
Throwing       | 1 |  1.0
Conjurations   | 1 |  1.5
Fighting       | |  0.2
Short Blades   | |  0.2
Axes           | |  0.2
Dodging        | |  1.7
Stealth        | |  2.4
Spellcasting   | |  2.1
Transmutations | |  1.1

Action                   |  1- 3 |  4- 6 |  7- 9 || total
-------------------------+-------+-------+-------++-------
Melee: Unarmed           |     7 |       |       ||     7
       Short sword       |     5 |       |       ||     5
       Dagger            |     7 |    37 |       ||    44
       Hand axe          |       |    20 |     6 ||    26
Throw: Stone             |    28 |    85 |     8 ||   121
 Cast: Sandblast         |    53 |   106 |    16 ||   175
       Stone Arrow       |       |     5 |     1 ||     6
  Use: Scroll            |       |     6 |       ||     6
       Potion            |       |     1 |       ||     1
 Stab: Sleeping          |     1 |       |       ||     1
  Eat: Chunk             |     3 |    14 |     1 ||    18
       Fruit             |       |     1 |       ||     1
Armor: Robe              |    17 |    14 |     1 ||    32
Dodge: Dodged            |    37 |    73 |    12 ||   122
